 Dungeon Crawl Stone Soup version 0.19.1-1-g22dce08 (webtiles) character file.

283 Jerry the Ogre Mage (level 6, -1/61 HPs)
             Began as an Ogre Fire Elementalist on Dec 30, 2016.
             Was a Follower of Vehumet.
             Slain by Blork the orc
             ... wielding a +0 mace
              (3 damage)
             ... on level 4 of the Dungeon.
             The game lasted 00:12:33 (5327 turns).

Jerry the Ogre Mage (Ogre Fire Elementalist)        Turns: 5327, Time: 00:12:35

Health: -1/61      AC:  3    Str: 14    XL:     6   Next: 28%
Magic:  2/11       EV: 11    Int: 14    God:    Vehumet [*.....]
Gold:   263        SH:  0    Dex: 12    Spells: 3 memorised, 8 levels left

rFire  . . .     SeeInvis .     r - +1 dagger (elec)
rCold  . . .     Gourm    .     a - +0 robe
rNeg   . . .     Faith    .     (no shield)
rPois  .         Spirit   .     (helmet restricted)
rElec  .         Reflect  .     (no cloak)
rCorr  .         Harm     .     (gloves unavailable)
MR     .....                    (boots unavailable)
Stlth  ++........               (no amulet)
                                (no ring)
                                (no ring)

@: no status effects
A: unfitting armour, tough skin 1
a: Renounce Religion


You were on level 4 of the Dungeon.
You worshipped Vehumet.
Vehumet was aware of your devotion.
You were not hungry.

You visited 1 branch of the dungeon, and saw 5 of its levels.

You collected 263 gold pieces.

Inventory:

Hand Weapons
 j - a +0 club
 r - a +1 dagger of electrocution (weapon)
Missiles
 g - 188 stones (quivered)
Armour
 a - a +0 robe (worn)
Scrolls
 e - 4 scrolls of remove curse {unknown}
 i - a scroll of fog {unknown}
 m - a scroll of random uselessness {unknown}
 o - 3 scrolls of identify {unknown}
 s - a scroll of magic mapping {unknown}
Potions
 d - a potion of ambrosia {unknown}
 f - a potion of heal wounds {unknown}
 h - 2 potions of magic {unknown}
 k - 2 potions of curing {unknown}
 l - a potion of haste {unknown}
 p - a potion of cancellation {unknown}
 u - a potion of mutation {unknown}
Books
 b - a book of Flames

   Spells                             Type                      Level
   a - Flame Tongue                   Conjuration/Fire             1
   b - Throw Flame                    Conjuration/Fire             2
   c - Conjure Flame                  Conjuration/Fire             3
   d - Inner Flame                    Hexes/Fire                   3
   e - Sticky Flame                   Conjuration/Fire             4
   f - Fireball                       Conjuration/Fire             5
 t - a book of Misfortune

   Spells                             Type                      Level
   a - Confusing Touch                Hexes                        1
   b - Confuse                        Hexes                        3
   c - Gell's Gravitas                Hexes/Translocation          3
   d - Petrify                        Transmutation/Earth          4
   e - Metabolic Englaciation         Hexes/Ice                    5
   f - Yara's Violent Unravelling     Hexes/Transmutation          5
Comestibles
 c - 4 bread rations
 n - a slice of pizza
 q - a meat ration


   Skills:
 + Level 3.0 Fighting
 + Level 3.1 Dodging
 - Level 1.4 Stealth
 + Level 3.6 Spellcasting
 + Level 1.8 Conjurations
 + Level 3.1 Fire Magic


You had 8 spell levels left.
You knew the following spells:

 Your Spells              Type           Power        Failure   Level  Hunger
a - Flame Tongue          Conj/Fire      #....        10%         1    None
b - Throw Flame           Conj/Fire      #.....       14%         2    ##.....
c - Magic Dart            Conj           #...         12%         1    None


Dungeon Overview and Level Annotations

Branches:
Dungeon (5/15)
 Temple: D:4-7

Altars:
Dithmenos
Nemelex Xobeh
Okawaru
Qazlal
Ru
Uskayaw
Vehumet
Zin

Annotations:
D:4 Blork the orc
D:5 Edmund, Sigmund


Innate Abilities, Weirdness & Mutations

You are too large for most types of armour.
You have tough skin. (AC +1)


Message History

Press: ? - help, Shift-Dir - straight line, f/p - Blork the orc
Aim: Blork the orc, wielding a mace and wearing a robe (severely wounded, fast)
The flame tongue hits Blork the orc.
Blork the orc is almost dead.
Blork the orc mumbles some strange words.
Blork the orc flickers and vanishes!
Deactivating autopickup; reactivate with Ctrl-A.
Something hits you.
* * * LOW HITPOINT WARNING * * *
The frilled lizard bites you but does no damage.
You barely miss something. Something hits you!
* * * LOW HITPOINT WARNING * * *
The frilled lizard bites you but does no damage.
You closely miss something.
You hear some strange, mumbled words.
A puff of frost appears from out of thin air!
The puff of frost hits you!
* * * LOW HITPOINT WARNING * * *
The frilled lizard misses you. Something hits you.
You die...

########.# #.#.##........##.#
.........#####.............##.#
########.....#.#.##........##.#
#### #.....#.#.####.####.##.#
...# #.....#...# #.# #.##.# ##.#
#.....##..####.# #.##.# #.#
#.....##.......####.##.#
##.#####.###.............#.##.###
................@l...............
.........###....{..............##
.#.#####+###.###...##..........#
.#.###.......###...##.##.#.##..#
....................<......##..#
.#..##.......###.#.#..##.#.##..##
....##...........................
.#..####.#............##.####..##
.......#.#.####.......##.####..#


You could see a frilled lizard.

Vanquished Creatures
  A hound (D:4)
  An iguana (D:4)
  A gnoll (D:1)
  12 adders
  2 oozes (D:4)
  2 worms
  2 dart slugs (D:1)
  3 leopard geckos
  5 orcs (D:3)
  8 bats
  6 giant cockroaches
  4 goblins
  12 hobgoblins
  5 jackals
  3 quokkas
  A ball python (D:1)
  6 frilled lizards
  4 kobolds
  A quokka skeleton (D:4)
  11 rats
90 creatures vanquished.

Notes
Turn   | Place    | Note
-------+----------+-------------------------------------------
     0 | D:1      | Jerry the Ogre Fire Elementalist began the quest for the Orb.
     0 | D:1      | Reached XP level 1. HP: 16/16 MP: 3/3
   551 | D:1      | Reached XP level 2. HP: 24/24 MP: 1/5
   769 | D:1      | Reached skill level 1 in Fighting
   895 | D:1      | Reached XP level 3. HP: 3/33 MP: 1/6
  1273 | D:1      | Reached skill level 1 in Conjurations
  2047 | D:2      | Reached XP level 4. HP: 24/42 MP: 8/8
  2327 | D:2      | Found a stormy altar of Qazlal.
  2643 | D:2      | Found a sparkling altar of Nemelex Xobeh.
  3005 | D:2      | Reached XP level 5. HP: 50/50 MP: 9/9
  3037 | D:2      | Found a sacrificial altar of Ru.
  3090 | D:3      | Found a radiant altar of Vehumet.
  3113 | D:3      | Became a worshipper of Vehumet
  3604 | D:4      | Found a glowing silver altar of Zin.
  4096 | D:3      | Learned a level 2 spell: Throw Flame
  4178 | D:3      | Found a shadowy altar of Dithmenos.
  4269 | D:3      | Found an iron altar of Okawaru.
  4814 | D:4      | Found a hide-covered altar of Uskayaw.
  4935 | D:4      | Reached * piety under Vehumet
  4935 | D:4      | Offered knowledge of Magic Dart by Vehumet.
  4980 | D:4      | Learned a level 1 spell: Magic Dart
  5086 | D:4      | Reached XP level 6. HP: 54/59 MP: 11/11
  5146 | D:5      | Entered Level 5 of the Dungeon
  5147 | D:5      | Noticed Sigmund
  5306 | D:5      | Noticed Blork the orc
  5310 | D:5      | Noticed Edmund
  5311 | D:5      | Noticed a phantom
  5327 | D:4      | HP: 2/61 [something/puff of frost (7)]
  5327 | D:4      | Slain by Blork the orc

Skill      XL: |  1  2  3  4  5  6 |
---------------+-------------------+-----
Dodging        | 2 3 |  3.1
Fighting       | 1 2 3 |  3.0
Conjurations   | 1 |  1.8
Spellcasting   | 3 |  3.6
Fire Magic     | 3 |  3.1
Stealth        | |  1.4

Action                   |  1- 3 |  4- 6 || total
-------------------------+-------+-------++-------
Melee: Unarmed           |    27 |       ||    27
       Club              |    47 |     1 ||    48
       Dagger            |       |   147 ||   147
Throw: Stone             |    48 |    43 ||    91
 Cast: Flame Tongue      |    45 |    64 ||   109
       Throw Flame       |       |     6 ||     6
 Stab: Sleeping          |     1 |     4 ||     5
  Eat: Chunk             |     4 |    11 ||    15
Armor: Robe              |    40 |    55 ||    95
Dodge: Dodged            |    69 |   132 ||   201
